 Dungeon Sprint DCSS version 0.21.1-1-g345015f (webtiles) character file.

14044 raistware the Ninja (level 11, -18/56 HPs)
             Began as a Spriggan Assassin on Apr 16, 2018.
             Was the Champion of Dithmenos.
             Demolished by a lorocyproca (37 damage)
             ... in the Dungeon (Sprint I: "Red Sonja") on Apr 17, 2018.
             The game lasted 00:58:39 (5189 turns).

raistware the Ninja (Spriggan Assassin)             Turns: 5189, Time: 00:58:41

Health: -18/56     AC:  4    Str:  7    XL:     11   Next: 83%
Magic:  11/24      EV: 35    Int: 17    God:    Dithmenos [******]
Gold:   199        SH:  0    Dex: 20    Spells: 24/26 levels left

rFire    . . .     SeeInvis +   r - +3 rapier (speed)
rCold    . . .     Gourm    .   (shield restricted)
rNeg     . . .     Faith    .   c - +0 robe
rPois    +         Spirit   .   m - +2 hat {MR+}
rElec    .         Reflect  .   d - +0 cloak
rCorr    .         Harm     .   (gloves unavailable)
MR       ++...     Rnd*Rage +   (boots unavailable) Stlth ++++++++++NoTele +
                                (no amulet)
HPRegen  0.18/turn              l - +3 ring of intelligence
MPRegen  0.19/turn              o - ring of poison resistance

@: wreathed by umbra, very quick
A: very small, unfitting armour, horns 1, see invisible, berserk 1, deformed
body, deterioration 1, herbivore, speed 3, poison resistance, screaming 1, slow
metabolism 2, no potion heal 1, subdued magic 1
a: Shadow Step, Shadow Form, Renounce Religion


You were in the Dungeon.
You worshipped Dithmenos.
Dithmenos was exalted by your worship.
You were not hungry.

You visited 1 branch You collected 1789 gold pieces.
You spent 1590 gold pieces at shops.

Inventory:

Hand Weapons
 a - a +2 dagger
 i - a +5 blowgun
 q - a +3 short sword of venom
 r - a +3 rapier of speed (weapon)
Missiles
 e - 7 poisoned needles
 f - 8 curare-tipped needles
Armour
 c - a +0 robe (worn)
 d - a +0 cloak (worn)
 m - a +2 hat of magic resistance (worn)
 w - a +0 troll leather armour
Jewellery
 l - a +3 ring of intelligence (left hand)
 o - a ring of poison resistance (right hand)
Scrolls
 b - 2 scrolls of remove curse
 p - a scroll of magic mapping
 x - a scroll of fog
Potions
 h - 5 potions of curing
 k - 2 potions of magic
 n - a potion of flight
Books
 u - a Fen Folio

   Spells                             Type                      Level
   a - Corpse Rot                     Necromancy                   2
   b - Stone Arrow                    Conjuration/Earth            3
   c - Leda's Liquefaction            Hexes/Earth                  4
   d - Summon Forest                  Summoning/Translocation      5
   e - Hydra Form                     Transmutation                6
   f - Summon Hydra                   Summoning                    7
 v - a book of Cantrips

   Spells                             Type                      Level
   a - Confusing Touch                Hexes                        1
   b - Animate Skeleton               Necromancy                   1
   c - Summon Small Mammal            Summoning                    1
   d - Apportation                    Translocation                1
Comestibles
 g - 4 rations


   Skills:
 + Level 5.6 Fighting
 + Level 10.0 Short Blades
 - Level 10.1 Throwing
 * Level 18.7 Dodging
 O Level 27 Stealth
 * Level 8.3 Spellcasting
 - Level 6.1 Hexes
 - Level 7.2 Translocations


You had 24 spell levels left.
You knew the following spells:

 Your Spells              Type           Power        Failure   Level  Hunger
a - Confusing Touch       Hex            ###...       1%          1    None
b - Apportation           Tloc           ###...       1%          1    None


Dungeon Overview and Level Annotations

Branches:
Dungeon (1/1)

Altars:
Cheibriados
Dithmenos
Elyvilon
Fedhas
Gozag
Hepliaklqana
Kikubaaqudgha
Makhleb
Nemelex Xobeh
Okawaru
Qazlal
Ru
Sif Muna
Trog
Uskayaw
Vehumet
Wu Jian
Xom
Yredelemnul
Zin
The Shining One
Jiyva
Lugonu

Shops:
D !*??=?[(:%*(=(![**=[(


Innate Abilities, Weirdness & Mutations

You are very small and have problems with some larger weapons.
You are too small for most types of armour.
You have supernaturally acute eyesight. (SInv)
You are a herbivore.
You cover ground extremely quickly.
You need consume almost no food.
You have a pair of small horns on your head.
You tend to lose your temper in combat.
Armour fits poorly on your strangely shaped body.
Your body sometimes deteriorates upon taking damage.
Your system is resistant to poisons. (rPois)
You occasionally shout uncontrollably at your foes.
Potions are less effective at restoring your health.
Your spells are a little easier to cast, but a little less powerful.


Message History

You hit the lorocyproca. Your headbutt misses the lorocyproca.
The lorocyproca is heavily wounded.
You hit the lorocyproca but do no damage.
You headbutt the lorocyproca, but do no damage.
The lorocyproca is heavily wounded.
The lorocyproca closely misses you.
You hit the lorocyproca.
The lorocyproca is heavily wounded.
You hit the lorocyproca. Your headbutt misses the lorocyproca.
The lorocyproca is heavily wounded.
The lorocyproca completely misses you.
You closely miss the lorocyproca.
The lorocyproca is heavily wounded.
You hit the lorocyproca but do no damage.
You headbutt the lorocyproca, but do no damage.
The lorocyproca is heavily wounded.
Your shadow hits the lorocyproca but does no damage.
The lorocyproca hits you!!!
Ouch! That really hurt!
You die...

§.._#§≈§§§#..#.§§§....$.$##.#A#$#
§§#'##§#####'###.§§#.....#,.###$#
#'#.#.§§.###...#§..###''##,##..$#
#.####§###.###.#..###..##*,,*+###
...'...§.'.∩##.#§§####)$#*#,,,*,≈
.).###########.##'#$$#!§#$###,*,≈
#.###.......##§##.#$$$§§§$§$#,***
#+#.#.......§+§####§$§$$$§§$#,*,+
....#'''######§#@2§$$$$$§####+*,*
.?[.#......§.#§#####$$$###,,,,*,*
#####.......#+§#,,,#####,,,****,*
.[.).......≈####,,,,,,,,,***,,,,*
[.........≈≈#*,,,,,,,*****,,,,***
#.......≈≈≈##*,,,,,,**,,,,,,,,*,,
###..≈≈≈≈### *,,,,,**,,,,,,,,,*,,
##'######'###*,,,,,*,,,,,,,,,,*,,
∩∩########∩∩#***********,,,,,,*,,


You could see a lorocyproca (invisible).

Vanquished Creatures
  A hydra (D)
  2 centaur warriors (D)
  Sonja (D)
  2 unseen horrors (D)
  A deep troll (D)
  A lindwurm (D)
  An oklob plant (D)
  8 shining eyes (D)
  A merfolk siren (D)
  2 kobold demonologists (D)
  4 demonic crawlers (D)
  A hornet (D)
  A slime creature (D)
  2 redbacks (D)
  Sigmund (D)
  13 hogs (D)
  A yak (D)
  7 floating eyes (D)
  An ogre (D)
  7 necrophages (D)
  7 jellies (D)
  Ijyb (D)
  2 ballistomycetes (D)
68 creatures vanquished.

Vanquished Creatures (others)
  A merfolk siren (D)
  2 gargoyles (D)
  A jelly (D)
  2 ballistomycete spores (D)
6 creatures vanquished.

Grand Total: 74 creatures vanquished

Notes
Turn   | Place    | Note
-------+----------+-------------------------------------------
     0 | D        | raistware the Spriggan Assassin began the quest for the Orb.
     0 | D        | Reached XP level 1. HP: 10/10 MP: 2/2
     2 | D        | Noticed Ijyb
     4 | D        | Killed Ijyb
     4 | D        | Reached skill level 10 in Stealth
     4 | D        | Reached XP level 2. HP: 14/14 MP: 3/3
    10 | D        | Noticed an ogre
    12 | D        | Killed an ogre
    12 | D        | Reached skill level 14 in Stealth
    12 | D        | Reached XP level 3. HP: 18/18 MP: 4/4
    12 | D        | Reached XP level 4. HP: 22/22 MP: 5/5
    24 | D        | Noticed Sigmund
    26 | D        | Killed Sigmund
    26 | D        | Reached skill level 17 in Stealth
    26 | D        | Reached XP level 5. HP: 25/25 MP: 6/6
    26 | D        | Reached XP level 6. HP: 30/30 MP: 7/7
    40 | D        | Found a deep blue altar of Sif Muna.
    41 | D        | Found an ornate altar of the Wu Jian Council.
    42 | D        | Found a radiant altar of Vehumet.
    46 | D        | Reached skill level 18 in Stealth
    67 | D        | Found Seibbieta's Magic Scroll Emporium.
    67 | D        | Found an ancient bone altar of Kikubaaqudgha.
    67 | D        | Found a hazy altar of Hepliaklqana.
    67 | D        | Found a stormy altar of Qazlal.
    67 | D        | Found a hide-covered altar of Uskayaw.
    67 | D        | Found a blossoming altar of Fedhas.
    67 | D        | Found a bloodstained altar of Trog.
    67 | D        | Found an iron altar of Okawaru.
    67 | D        | Found a basalt altar of Yredelemnul.
    67 | D        | Found a glowing golden altar of the Shining One.
    67 | D        | Found a snail-covered altar of Cheibriados.
    67 | D        | Found a sacrificial altar of Ru.
    67 | D        | Found a glowing silver altar of Zin.
    67 | D        | Found a shadowy altar of Dithmenos.
    67 | D        | Found a white marble altar of Elyvilon.
    67 | D        | Noticed a yak
    68 | D        | Found an opulent altar of Gozag.
    69 | D        | Killed a yak
    69 | D        | Reached skill level 5 in Short Blades
    69 | D        | Reached skill level 19 in Stealth
    70 | D        | Found a sparkling altar of Nemelex Xobeh.
    74 | D        | Bought a scroll of enchant weapon for 90 gold pieces
    74 | D        | Bought a scroll of immolation for 42 gold pieces
    74 | D        | Bought a scroll of identify for 24 gold pieces
    74 | D        | Bought a scroll of enchant armour for 90 gold pieces
    76 | D        | Became a worshipper of Dithmenos the Shadowed
    93 | D        | Noticed a centaur warrior
    95 | D        | Noticed a centaur warrior
    98 | D        | Killed a centaur warrior
    98 | D        | Reached skill level 23 in Stealth
    98 | D        | Reached XP level 7. HP: 33/33 MP: 8/8
    98 | D        | Reached XP level 8. HP: 37/37 MP: 9/9
    99 | D        | Killed a centaur warrior
    99 | D        | Reached skill level 24 in Stealth
   129 | D        | Found a viscous altar of Jiyva.
   129 | D        | Found a corrupted altar of Lugonu.
   129 | D        | Noticed a slime creature
   130 | D        | Found a burning altar of Makhleb.
   130 | D        | Found a shimmering altar of Xom.
   154 | D        | Killed a slime creature
   154 | D        | Reached * piety under Dithmenos
   154 | D        | Reached skill level 25 in Stealth
   283 | D        | Noticed a kobold demonologist
   284 | D        | Noticed a kobold demonologist
   286 | D        | Killed a kobold demonologist
   286 | D        | Reached XP level 9. HP: 41/41 MP: 10/10
   287 | D        | Reached skill level 26 in Stealth
   512 | D        | Noticed an ice devil
   562 | D        | Killed a kobold demonologist
   562 | D        | Reached ** piety under Dithmenos
   667 | D        | Noticed a demonic crawler
   667 | D        | Noticed a demonic crawler
   667 | D        | Noticed a demonic crawler
   667 | D        | Noticed a demonic crawler
   692 | D        | Reached skill level 5 in Dodging
   703 | D        | Noticed an oklob plant
   705 | D        | Killed an oklob plant
   705 | D        | Reached skill level 27 in Stealth
   717 | D        | Noticed a deep troll
   855 | D        | Noticed Sonja
   860 | D        | Killed Sonja
   889 | D        | Found Otygeu's Armour Emporium.
   896 | D        | Bought a +1 hat of magic resistance for 224 gold pieces
   914 | D        | Found Atzifuf's Distillery.
   914 | D        | Noticed a shining eye
   914 | D        | Noticed a shining eye
   915 | D        | Noticed a shining eye
   923 | D        | Bought a potion of flight for 39 gold pieces
   923 | D        | Bought a potion of degeneration for 13 gold pieces
   923 | D        | Bought a potion of lignification for 39 gold pieces
  1051 | D        | Reached skill level 10 in Dodging
  1051 | D        | Reached XP level 10. HP: 46/46 MP: 6/11
  1052 | D        | Reached *** piety under Dithmenos
  1077 | D        | Noticed an unseen horror
  1077 | D        | Noticed an unseen horror
  1104 | D        | Killed an unseen horror
  1104 | D        | Reached skill level 10 in Short Blades
  1131 | D        | Killed an unseen horror
  1131 | D        | Reached skill level 5 in Throwing
  1154 | D        | Killed a gargoyle
  1268 | D        | Reached **** piety under Dithmenos
  1642 | D        | Reached ***** piety under Dithmenos
  1779 | D        | Found Ygiwkil's Antique Weapon Shoppe.
  1779 | D        | Found Oguedak's Armour Shop.
  1779 | D        | Found Quklu's Book Boutique.
  1781 | D        | Found Lyom's Food Emporium.
  1781 | D        | Found Moxte's Assorted Antiques.
  1781 | D        | Found Jegurunoh's Weapon Shoppe.
  1781 | D        | Found Hezuacwa's Jewellery Boutique.
  1781 | D        | Found Navex's Weapon Emporium.
  1781 | D        | Found Usicw's Distillery.
  1781 | D        | Found Woshri's Armour Shoppe.
  1785 | D        | Found Syolojig's Assorted Antiques.
  1786 | D        | Found Ifuega's Jewellery Emporium.
  1786 | D        | Found Vagesaiss's Assorted Antiques.
  1787 | D        | Found Mathrot's Antique Weapon Emporium.
  1804 | D        | Bought a +3 ring of intelligence for 188 gold pieces
  1808 | D        | Bought a ration for 65 gold pieces
  1808 | D        | Bought a ration for 65 gold pieces
  1809 | D        | Bought a book of Cantrips for 260 gold pieces
  1811 | D        | Learned a level 1 spell: Confusing Touch
  1813 | D        | Learned a level 1 spell: Apportation
  1938 | D        | Noticed a gargoyle
  1974 | D        | Killed a deep troll
  1974 | D        | Reached skill level 1 in Spellcasting
  1974 | D        | Reached skill level 1 in Hexes
  1974 | D        | Reached skill level 1 in Translocations
  2321 | D        | Paralysed by a floating eye for 3 turns
  2326 | D        | Paralysed by a floating eye for 3 turns
  2371 | D        | Killed a shining eye
  2389 | D        | Bought a potion of curing for 39 gold pieces
  2389 | D        | Bought a potion of heal wounds for 65 gold pieces
  2389 | D        | Bought a potion of curing for 39 gold pieces
  2389 | D        | Bought a potion of heal wounds for 65 gold pieces
  3407 | D        | Noticed a lorocyproca
  3580 | D        | Noticed a lindwurm
  3584 | D        | Killed a lindwurm
  3584 | D        | Reached ****** piety under Dithmenos
  3595 | D        | Reached skill level 15 in Dodging
  3595 | D        | Reached XP level 11. HP: 51/51 MP: 17/17
  3625 | D        | Reached skill level 5 in Spellcasting
  3634 | D        | Reached skill level 5 in Translocations
  3769 | D        | Noticed a 12-headed hydra
  4026 | D        | Noticed a daeva
  4213 | D        | Noticed a shining eye
  4213 | D        | Noticed a shining eye
  4213 | D        | Noticed a shining eye
  4214 | D        | Noticed a shining eye
  4214 | D        | Noticed a shining eye
  4215 | D        | Killed a shining eye
  4218 | D        | Killed a shining eye
  4218 | D        | Reached skill level 5 in Hexes
  4219 | D        | Found Koaneim's Assorted Antiques.
  4220 | D        | Found Netuuppu's Magic Scroll Emporium.
  4221 | D        | Killed a shining eye
  4225 | D        | Killed a shining eye
  4227 | D        | Gained mutation: Potions are less effective at restoring your health. [a shining eye]
  4228 | D        | Found Qeomp's Magic Scroll Boutique.
  4229 | D        | Found Leka's Jewellery Shop.
  4230 | D        | Killed a shining eye
  4230 | D        | Reached skill level 5 in Fighting
  4231 | D        | Gained mutation: Your body sometimes deteriorates upon taking damage. [a shining eye]
  4236 | D        | Gained mutation: You are dopey. (Int -2) [a shining eye]
  4241 | D        | Killed a shining eye
  4243 | D        | Gained mutation: You tend to lose your temper in combat. [a shining eye]
  4245 | D        | Gained mutation: You occasionally shout uncontrollably at your foes. [a shining eye]
  4247 | D        | Gained mutation: You are robust. (+10% HP) [a shining eye]
  4252 | D        | Gained mutation: Armour fits poorly on your strangely shaped body. [a shining eye]
  4259 | D        | Gained mutation: You sometimes yell uncontrollably at your foes. [a shining eye]
  4261 | D        | Killed a shining eye
  4281 | D        | Bought a scroll of remove curse for 42 gold pieces
  4288 | D        | Bought a scroll of magic mapping for 49 gold pieces
  4288 | D        | Bought a scroll of fog for 28 gold pieces
  4291 | D        | Bought a cursed amulet of inaccuracy for 20 gold pieces
  5009 | D        | Killed a 12-headed hydra
  5009 | D        | Reached skill level 10 in Throwing
  5054 | D        | Bought a potion of mutation for 104 gold pieces
  5054 | D        | Lost mutation: You are robust. (+10% HP) [potion of mutation]
  5054 | D        | Lost mutation: You sometimes yell uncontrollably at your foes. [potion of mutation]
  5054 | D        | Lost mutation: You are dopey. (Int -2) [potion of mutation]
  5054 | D        | Gained mutation: Your spells are a little easier to cast, but a little less powerful. [potion of mutation]
  5054 | D        | Gained mutation: You have a pair of small horns on your head. [potion of mutation]
  5054 | D        | Gained mutation: Your system is resistant to poisons. (rPois) [potion of mutation]
  5189 | D        | Demolished by a lorocyproca

Skill      XL: |  1  2  3  4  5  6  7  8  9 10 11 |
---------------+----------------------------------+-----
Stealth        | 10 14 17 23 25 27 | 27.0
Short Blades   | 3 4 6 7 9 10 | 10.0
Dodging        | 2 10 15 18 | 18.7
Throwing       | 3 8 10 | 10.1
Fighting       | 3 5 |  5.6
Spellcasting   | 3 8 |  8.3
Hexes          | 3 6 |  6.1
Translocations | 3 7 |  7.2

Action                   |  1- 3 |  4- 6 |  7- 9 | 10-12 || total
-------------------------+-------+-------+-------+-------++-------
Melee: Dagger            |     2 |     4 |   164 |   113 ||   283
       Short sword       |       |       |       |   203 ||   203
       Rapier            |       |       |       |    58 ||    58
       Unarmed           |       |       |       |     1 ||     1
       Headbutt          |       |       |       |     8 ||     8
 Fire: Blowgun           |       |       |     6 |    39 ||    45
 Cast: Apportation       |       |       |       |     6 ||     6
       Confusing Touch   |       |       |       |     6 ||     6
Invok: Shadow Step       |       |       |     1 |     3 ||     4
Evoke: Wand              |       |       |       |     3 ||     3
  Use: Potion            |       |       |     3 |     5 ||     8
       Scroll            |       |       |     4 |     4 ||     8
 Stab: Sleeping          |     2 |     4 |     7 |    28 ||    41
       Distracted        |       |       |       |     3 ||     3
  Eat: Ration            |       |       |       |     2 ||     2
Armor: Robe              |       |       |     8 |    16 ||    24
       Skin              |       |       |     1 |       ||     1
Dodge: Dodged            |       |       |    89 |   384 ||   473
